 Dungeon Crawl Stone Soup version 0.30-a0-371-gad7725a93e (webtiles) character file.

Game seed: 4668136069836545882

74 leviel the Trooper (level 4, -12/40 HPs)
             Began as a Hill Orc Fighter on Nov 21, 2022.
             Engulfed by a cloud of flame (34 damage)
             ... on level 2 of the Dungeon.
             The game lasted 00:01:51 (1157 turns).

leviel the Trooper (Hill Orc Fighter)               Turns: 1157, Time: 00:01:51

Health: -12/40     AC: 11    Str: 20    XL:     4   Next: 28%
Magic:  4/4        EV:  9    Int:  8    God:
Gold:   110        SH:  4    Dex: 10    Spells: 3/3 levels left

rFire   . . .      SeeInvis .    a - +0 war axe (venom)
rCold   . . .      Faith    .    c - +0 buckler
rNeg    + . .      Spirit   .    b - +0 scale mail
rPois   .          Reflect  .    e - +3 helmet "Arauxken" {Rampage rN+ Will-}
rElec   .          Harm     .    (no cloak)
rCorr   .          Rampage  +    (no gloves)
Will    .....                    (no boots)
Stlth   ..........               (no amulet)
HPRegen 0.26/turn                (no ring)
MPRegen 0.09/turn                (no ring)

@: no status effects
A: no striking features
a: no special abilities


You were on level 2 of the Dungeon.
You visited 1 branch of the dungeon, and saw 2 of its levels.

You collected 110 gold pieces.

Inventory:

Hand Weapons
 a - a +0 war axe of venom (weapon)
Armour
 b - a +0 scale mail (worn)
 c - a +0 buckler (worn)
 e - the +3 helmet "Arauxken" (worn) {Rampage rN+ Will-}
   (You acquired it on level 1 of the Dungeon)

   rN:        It protects you from negative energy.
   Rampage:   It bestows one free step when moving towards enemies.
   Will:      It decreases your willpower.
Scrolls
 j - a scroll of enchant armour {unknown}
 k - a scroll of vulnerability {unknown}
 l - a scroll of identify {unknown}
Potions
 d - 2 potions of might
 f - a potion of resistance {unknown}
 g - a potion of attraction {unknown}
 h - 2 potions of curing {unknown}


   Skills:
 + Level 4.2 Fighting
 * Level 4.2 Axes
 + Level 3.7 Armour
 + Level 3.8 Shields


You had 3 spell levels left.
You didn't know any spells.
Your spell library was empty.

Dungeon Overview and Level Annotations

Branches:
Dungeon (2/15)

Altars:


Message History

No target in view!
No target in view!
No target in view!
No target in view!
No target in view!
No target in view!
As you open the door, it creaks loudly!
A ball python comes into view.
A ball python is nearby!
A ball python is nearby!
The ball python barely misses you. x2
You closely miss the ball python.
The ball python bites you but does no damage.
You block the ball python's attack.
You hit the ball python.
You kill the ball python!
No target in view!
No target in view!
No target in view!
No target in view!
No target in view!
No target in view!
No target in view!
You see here a ball python corpse.
Found a hand axe and a short sword.
Found a hand axe.
No target in view!
l - a scroll labelled LIXUHAUPLA
Found a spear.
Found a stone staircase leading down.
A bat comes into view.
As you read the scroll labelled ODAUXT BOYTA, it crumbles to dust.
The creatures around you are filled with an inner flame!
It was a scroll of immolation.
The bat hits you but does no damage.
You miss the bat. The bat hits you but does no damage.
You block the bat's attack.
You rampage towards the bat!
You slash the bat!
The bat explodes!
The fiery explosion engulfs you!!
You are engulfed in blazing flames.
Ouch! That really hurt!
You die...

..)..#.###..#######
..)..#.###..####
.....#..#...##..
.....##...#.##.###
.....###.>#.##.#..
.....# ##)#.##.#.#
###### #.#.##.#§#
#.#.##.#§#
#......#@#
###.####.# #......#
######.# ###


There were no monsters in sight!

Vanquished Creatures
  2 adders (D:2)
  3 worms (D:2)
  A dart slug (D:2)
  5 bats
  8 endoplasms
  2 giant cockroaches (D:2)
  3 goblins (D:1)
  3 hobgoblins
  2 jackals (D:1)
  5 kobolds
  A quokka (D:1)
  5 ball pythons
  A frilled lizard (D:1)
  3 rats
44 creatures vanquished.

Vanquished Creatures (others)
  4 plants (D:1)
4 creatures vanquished.

Grand Total: 48 creatures vanquished

Notes
Turn   | Place    | Note
-------+----------+-------------------------------------------
     0 | D:1      | leviel the Hill Orc Fighter began the quest for the Orb.
     0 | D:1      | Reached XP level 1. HP: 19/19 MP: 1/1
   128 | D:1      | Reached XP level 2. HP: 25/27 MP: 2/2
   435 | D:1      | Reached XP level 3. HP: 33/33 MP: 3/3
   506 | D:1      | Found a faded altar of an unknown god.
   543 | D:1      | Identified a scroll of acquirement
   543 | D:1      | Acquired the +3 helmet "Arauxken" {Rampage rN+ Will-}
  1048 | D:2      | Reached XP level 4. HP: 36/40 MP: 4/4
  1157 | D:2      | Engulfed by a cloud of flame

Illustrated notes

Levels and vault maps discovered:
D:1:      amcnicky_arrival_blooded_trapdoor, layout_loops_ring,
          hellmonk_ecumenical_altar_inner_sanctum, serial_bayou_pond_c
D:2:      layout_basic, minmay_misc_feat_enclosed

Skill      XL: |  1  2  3 |
---------------+----------+-----
Axes           | 3 4 |  4.2
Fighting       | 4 |  4.2
Armour         | |  3.7
Shields        | |  3.8

Action                   |  1- 3 |  4- 6 || total
-------------------------+-------+-------++-------
Melee: War axe           |    95 |    11 ||   106
  Use: Scroll            |     4 |     1 ||     5
Armor: Scale mail        |    44 |     6 ||    50
Dodge: Dodged            |    39 |     6 ||    45
Block: Buckler           |    21 |     8 ||    29

Table legend: (Time is in decaauts)
 A = Elapsed time spent in this place.
 B = Non-inter-level travel time spent in this place.
 C = Inter-level travel time spent in this place.
 D = Time resting spent in this place.
 E = Time spent auto-exploring this place.
 F = Levels seen in this place.
 G = Mean time per level.
                   A        B        C        D        E       F      G
               +--------+--------+--------+--------+--------+-----+--------+
         Total |   1200 |   1181 |     19 |      0 |    904 |   2 |  600.0 |
       Dungeon |   1200 |   1181 |     19 |      0 |    904 |   2 |  600.0 |
               +--------+--------+--------+--------+--------+-----+--------+

Top non-repeatable levels by time:
     D:1: 887 daAuts
     D:2: 313 daAuts
